 Dungeon Crawl Stone Soup version 0.29-a0-251-g80730f7218 (webtiles) character file.

Game seed: 4498033146871614810

1509 Crownlay the Cleaver (level 8, -2/62 (68) HPs)
             Began as a Hill Orc Fighter on Mar 5, 2022.
             Was an Elder of Okawaru.
             Slain by Dowan
             ... wielding a +2 dagger of draining
              (9 damage)
             ... on level 5 of the Dungeon.
             The game lasted 00:07:26 (3553 turns).

Crownlay the Cleaver (Hill Orc Fighter)             Turns: 3553, Time: 00:07:27

HP:   -2/62 (68)    AC:  0    Str: 21    XL:     8   Next: 83%
MP:   12/12         EV: 13    Int:  8    God:    Okawaru [****..]
Gold: 73            SH:  0    Dex: 10    Spells: 7/7 levels left

rFire   . . .      SeeInvis .   (weapon currently unavailable)
rCold   . . .      Faith    .   (shield currently unavailable)
rNeg    . . .      Spirit   .   (body armour currently unavailable)
rPois   .          Reflect  .   (helmet currently unavailable)
rElec   .          Harm     .   (cloak currently unavailable)
rCorr   .          Rampage  .   (gloves currently unavailable)
Will    .....                   (boots currently unavailable)
Stlth   +.........              (no amulet)
HPRegen 0.20/turn               (ring currently unavailable)
MPRegen 0.13/turn               (ring currently unavailable)

@: pig-form (expiring), drained, very quick
A: fast, no casting, small
a: Renounce Religion, Heroism, Finesse


You were on level 5 of the Dungeon.
You worshipped Okawaru.
Okawaru was greatly pleased with you.
You were a filthy swine.
You visited 1 branch of the dungeon, and saw 5 of its levels.

You collected 230 gold pieces.
You spent 157 gold pieces at shops.

Inventory:

Hand Weapons
 t - a +1 hand axe of venom (melded)
Missiles
 l - 3 throwing nets (quivered)
Armour
 c - a +0 buckler (melded)
 i - a +0 chain mail (melded)
 k - a +2 helmet of see invisible (melded)
 n - a +0 pair of boots (melded)
 r - a scarf of repulsion (melded)
Jewellery
 g - a ring of fire
 o - a +4 ring of protection (melded)
 w - a +6 ring of dexterity
Wands
 u - a wand of digging (2)
Scrolls
 a - a scroll of teleportation {unknown}
 j - 2 scrolls of enchant armour
 m - a scroll of summoning {unknown}
 p - 2 scrolls of fear
 q - a scroll of noise {unknown}
 x - a scroll of magic mapping {unknown}
Potions
 b - 2 potions of mutation
 d - a potion of heal wounds
 e - a potion of berserk rage
 f - a potion of haste {unknown}
 h - 2 potions of curing
 s - a potion of flight {unknown}
 v - a potion of attraction {unknown}


   Skills:
 - Level 5.0 Fighting
 * Level 11.1 Axes
 - Level 5.0 Armour
 - Level 3.2 Shields
 + Level 6.5 Invocations


You had 7 spell levels left.
You didn't know any spells.
Your spell library contained the following spells:

 Spells                   Type           Power      Damage    Failure   Level
 Pain                     Necr           0%         1d4       41%         1
 Sandblast                Erth           0%         2d4       41%         1
 Passwall                 Tmut/Erth      0%         N/A       54%         2
 Static Discharge         Conj/Air       0%         N/A       54%         2
 Portal Projectile        Hex/Tloc       0%         N/A       78%         3
 Stone Arrow              Conj/Erth      0%         3d7       78%         3
 Vampiric Draining        Necr           0%         2d6       78%         3
 Dispel Undead            Necr           0%         3d6       99%         4
 Leda's Liquefaction      Hex/Erth       0%         N/A       99%         4
 Sticky Flame             Conj/Fire      0%         2d3       99%         4
 Lightning Bolt           Conj/Air       0%         1d11      100%        5
 Maxwell's Capacitive Co  Air            0%         ∞         100%        8
 Animate Skeleton         Necr           Unusable   N/A       N/A         1
 Call Canine Familiar     Summ           Unusable   N/A       N/A         3

Dungeon Overview and Level Annotations

Branches:
Dungeon (5/15)             Temple (0/1) D:4

Altars:
Okawaru
Yredelemnul

Shops:
D:3 [*[!?

Annotations:
D:5 Dowan


Message History

An orc comes into view. It is wielding a +0 morningstar.
Bite: -) Teeth
Press: ? - help, Dir - move target, f - you
Okay, then.
Dowan hits you with a +2 dagger of draining.
You feel drained.
Bite: -) Teeth
Press: ? - help, Dir - move target, f - Dowan
Aim: Dowan, wielding a +2 dagger of draining, wearing a +0 robe and carrying a wand of polymorph (4) (moderately wounded, fast, strong, about 50% to evade your front trotters)
You closely miss Dowan.
Dowan is moderately wounded.
Dowan points at you and mumbles some strange words.
The shard of ice hits you! Dowan barely misses you.
Bite: -) Teeth
Press: ? - help, Dir - move target, f/p - Dowan
Aim: Dowan, wielding a +2 dagger of draining, wearing a +0 robe and carrying a wand of polymorph (4) (moderately wounded, fast, strong, about 50% to evade your front trotters)
You hit Dowan.
Dowan is heavily wounded.
You kill the orc!
Dowan hits you with a +2 dagger of draining!
You feel drained.
* * * LOW HITPOINT WARNING * * *
Dowan completely misses you.
Bite: -) Teeth
Press: ? - help, Dir - move target, f/p - Dowan
Aim: Dowan, wielding a +2 dagger of draining, wearing a +0 robe and carrying a wand of polymorph (4) (heavily wounded, fast, strong, about 50% to evade your front trotters)
You barely miss Dowan.
Dowan is heavily wounded.
Dowan hits you with a +2 dagger of draining!
* * * LOW HITPOINT WARNING * * *
You feel drained.
Bite: -) Teeth
Press: ? - help, Dir - move target, f/p - Dowan
Aim: Dowan, wielding a +2 dagger of draining, wearing a +0 robe and carrying a wand of polymorph (4) (heavily wounded, fast, strong, about 50% to evade your front trotters)
You closely miss Dowan.
Dowan is heavily wounded.
Your transformation is almost over.
Dowan hits you with a +2 dagger of draining!
You die...

###.## #..... #.....
### #####...>. #..
.......... ####.#
#####..... #...>.
.......... #.##.#
######.... # #h##.#
###.....
#.####e##.######.......
#...).o))........#...#.
#..###.##.#########.##.
#.. #.##.# #.##. #..
..##.# #.##. ...
#####.# #.... .###
#.### ####. #. #...# #.


You could see Dowan (fast, strong) and an orc.

Vanquished Creatures
  Pikel (D:4)
  A wyvern (D:4)
  Duvessa (D:5)
  An ice beast (D:5)
  2 phantoms
  2 necrophages (D:5)
  A scorpion (D:4)
  3 orc priests (D:5)
  3 iguanas
  An orc wizard (D:4)
  4 gnolls (D:3)
  5 adders
  An ufetubus (D:4)
  2 dart slugs
  8 orcs
  9 endoplasms
  6 giant cockroaches
  7 goblins
  6 hobgoblins
  8 jackals
  4 quokkas
  3 ball pythons
  7 bats
  A frilled lizard (D:2)
  4 kobolds
  6 rats
97 creatures vanquished.

Vanquished Creatures (others)
  An orc wizard (D:5)
1 creature vanquished.

Grand Total: 98 creatures vanquished

Notes
Turn   | Place    | Note
-------+----------+-------------------------------------------
     0 | D:1      | Crownlay the Hill Orc Fighter began the quest for the Orb.
     0 | D:1      | Reached XP level 1. HP: 19/19 MP: 1/1
   137 | D:1      | Reached skill level 3 in Axes
   237 | D:1      | Reached XP level 2. HP: 22/27 MP: 2/2
   488 | D:1      | Reached XP level 3. HP: 33/34 MP: 3/3
   549 | D:1      | Found a faded altar of an unknown god.
  1249 | D:2      | Noticed a phantom
  1252 | D:2      | Reached skill level 5 in Fighting
  1268 | D:2      | Killed a phantom
  1269 | D:2      | Reached skill level 5 in Axes
  1269 | D:2      | Reached XP level 4. HP: 13/42 MP: 4/4
  1269 | D:2      | Reached XP level 5. HP: 15/48 MP: 5/5
  1482 | D:2      | Found a basalt altar of Yredelemnul.
  1565 | D:3      | Found Duhoucol's Antique Armour Boutique.
  1652 | D:3      | Found an iron altar of Okawaru.
  1671 | D:3      | Became a worshipper of Warmaster Okawaru
  1712 | D:3      | Found Tikud's Armour Shop.
  1803 | D:3      | Found Burphoedgh's Magic Scroll Boutique.
  1810 | D:3      | Reached skill level 6 in Axes
  1816 | D:3      | Reached skill level 1 in Invocations
  1900 | D:3      | Bought a scroll of identify for 20 gold pieces
  1900 | D:3      | Bought a scroll of identify for 20 gold pieces
  1900 | D:3      | Bought a scroll of identify for 20 gold pieces
  1900 | D:3      | Bought a scroll of fear for 35 gold pieces
  1900 | D:3      | Bought a scroll of immolation for 35 gold pieces
  1930 | D:3      | Found Oluvi's Distillery.
  1972 | D:3      | Found Laorch's Assorted Antiques.
  2011 | D:3      | Bought a scroll labelled RAOSSO IQEKIOPHINT for 27 gold
                  | pieces
  2223 | D:4      | Found a staircase to the Ecumenical Temple.
  2267 | D:4      | Noticed Pikel
  2267 | D:4      | Noticed a lemure
  2267 | D:4      | Noticed a lemure
  2268 | D:4      | Noticed a lemure
  2269 | D:4      | Noticed a lemure
  2298 | D:4      | Killed Pikel
  2298 | D:4      | Reached * piety under Okawaru
  2298 | D:4      | Reached ** piety under Okawaru
  2298 | D:4      | Reached *** piety under Okawaru
  2299 | D:4      | Reached skill level 8 in Axes
  2299 | D:4      | Reached XP level 6. HP: 46/56 MP: 6/8
  2299 | D:4      | Reached XP level 7. HP: 50/61 MP: 6/9
  2703 | D:4      | Reached skill level 5 in Armour
  2833 | D:4      | Noticed a wyvern
  2844 | D:4      | Killed a wyvern
  2845 | D:4      | Reached skill level 9 in Axes
  2845 | D:4      | Reached skill level 5 in Invocations
  2845 | D:4      | Reached XP level 8. HP: 60/68 MP: 11/11
  3141 | D:5      | Entered Level 5 of the Dungeon
  3220 | D:5      | Reached skill level 10 in Axes
  3525 | D:5      | Reached **** piety under Okawaru
  3527 | D:5      | Noticed Duvessa
  3537 | D:5      | Noticed Dowan
  3538 | D:5      | Killed Duvessa
  3539 | D:5      | Reached skill level 11 in Axes
  3553 | D:5      | Slain by Dowan

Illustrated notes

Levels and vault maps discovered:
D:1:      saegor_arrival_under_anarchy, layout_basic,
          hellmonk_ecumenical_altar_crossroads, minmay_tetromino_l4
D:2:      layout_basic, basic_altar, minmay_close_crescents
D:3:      layout_rooms, mainiacjoe_overflow_24_doors, serial_shops, shop, shop,
          shop, nicolae_shop_advertising_works [nicolae_subvault_shop_adworks],
          nicolae_lakefront_shop
D:4:      layout_basic, minmay_temple_entry_crystal_x, dk_vineyard_2,
          dreamdust_princess_bridge, amcnicky_mini_pool_small,
          mrwooster_statue_mirror, minmay_box_of_dots, uniq_pikel
D:5:      layout_loops_ring, minivault_27, st_stairs_11, uniq_duvessa

Skill      XL: |  1  2  3  4  5  6  7  8 |
---------------+-------------------------+-----
Fighting       | 4 5 |  5.0
Axes           | 3 5 8 9 11 | 11.1
Invocations    | 3 5 6 |  6.5
Armour         | 4 5 |  5.0
Shields        | |  3.2

Action                   |  1- 3 |  4- 6 |  7- 9 || total
-------------------------+-------+-------+-------++-------
Melee: War axe           |   104 |    72 |    19 ||   195
       Hand axe          |       |       |   128 ||   128
       Unarmed           |       |       |     4 ||     4
Throw: Throwing net      |       |       |     2 ||     2
  Use: Scroll            |     3 |     4 |       ||     7
       Potion            |       |     2 |       ||     2
Armor: Scale mail        |    49 |       |       ||    49
       Chain mail        |    10 |    33 |    60 ||   103
Dodge: Dodged            |    45 |    16 |    27 ||    88
       Repelled          |       |       |     1 ||     1
Block: Buckler           |    32 |    20 |    25 ||    77

Table legend: (Time is in decaauts)
 A = Elapsed time spent in this place.
 B = Non-inter-level travel time spent in this place.
 C = Inter-level travel time spent in this place.
 D = Time resting spent in this place.
 E = Time spent auto-exploring this place.
 F = Levels seen in this place.
 G = Mean time per level.
                   A        B        C        D        E       F      G
               +--------+--------+--------+--------+--------+-----+--------+
         Total |   3597 |   3499 |     98 |      0 |   2716 |   5 |  719.4 |
       Dungeon |   3597 |   3499 |     98 |      0 |   2716 |   5 |  719.4 |
               +--------+--------+--------+--------+--------+-----+--------+

Top non-repeatable levels by time:
     D:1: 931 daAuts
     D:4: 930 daAuts
     D:3: 681 daAuts
     D:2: 660 daAuts
     D:5: 394 daAuts
